 Dungeon Crawl Stone Soup version 0.19-a0-1608-g4cf22de (webtiles) character file.

9 jacquesderrida the Charmwright (level 2, 0/15 HPs)
             Began as a Vine Stalker Skald on Sept 17, 2016.
             Slain by an orc wizard
             ... wielding a +0 dagger
              (2 damage)
             ... on level 3 of the Dungeon.
             The game lasted 00:00:58 (189 turns).

jacquesderrida the Charmwright (Vine Stalker Skald)  Turns: 189, Time: 00:00:58

Health: 0/15       AC:  5    Str: 14    XL:     2   Next: 16%
Magic:  0/6        EV: 10    Int: 12    God:
Gold:   0          SH:  0    Dex: 13    Spells: 1 memorised, 4 levels left

rFire  . . .     SeeInvis .     a - +0 falchion
rCold  . . .     Gourm    .     f - +0 ring mail (curse)
rNeg   . . .     Faith    .     (no shield)
rPois  .         Spirit   +     (no helmet)
rElec  .         Dismiss  .     (no cloak)
rCorr  .         Reflect  .     (no gloves)
MR     .....     Harm     .     (no boots)
Stlth  +.........               (no amulet)
                                (no ring)
                                (no ring)

@: no status effects
A: fangs 2, magic shield, antimagic bite, no device heal 3, rot immunity
a: no special abilities


You were on level 3 of the Dungeon.
You were not hungry.

You visited 1 branch of the dungeon, and saw 3 of its levels.

Inventory:

Hand Weapons
 a - a +0 falchion (weapon)
Armour
 b - a +0 leather armour
 e - a +0 ring mail
 f - a cursed +0 ring mail (worn)
Scrolls
 g - a scroll of amnesia {unknown}
Books
 c - a book of Battle

   Spells                             Type                      Level
   a - Infusion                       Charms                       1
   b - Shroud of Golubria             Charms/Translocation         2
   c - Song of Slaying                Charms                       2
   d - Spectral Weapon                Hexes/Charms                 3
   e - Regeneration                   Charms/Necromancy            3
Comestibles
 d - a bread ration


   Skills:
 - Level 1.7 Fighting
 + Level 2.5 Long Blades
 - Level 0.7 Armour
 - Level 0.7 Dodging
 - Level 2.1 Spellcasting
 - Level 3.0 Charms


You had 4 spell levels left.
You knew the following spells:

 Your Spells              Type           Power        Failure   Level  Hunger
a - Infusion              Chrm           #...         17%         1    ##.....


Dungeon Overview and Level Annotations

Branches:
Dungeon (3/15)

Altars:


Innate Abilities, Weirdness & Mutations

You have extremely sharp teeth.
When hurt, damage is shared between your health and your magic reserves.
Your bite disrupts and absorbs the magic of your enemies.
Potions and wands cannot restore your health.
You are immune to rotting.


Message History

Unknown command.
You closely miss the orc wizard. The orc wizard barely misses you.
You riposte.
Your ring mail prevents you from hitting the orc wizard.
The orc wizard barely misses you.
You riposte.
You barely miss the orc wizard.
Unknown command.
You closely miss the orc wizard. The orc wizard hits you with a dagger.
Unknown command.
You hit the orc wizard. Your bite misses the orc wizard.
The orc wizard is lightly wounded.
The orc wizard hits you with a dagger.
* * * LOW HITPOINT WARNING * * *
The orc wizard hits you but does no damage.
Unknown command.
You are too injured to fight recklessly!
You are too injured to fight recklessly!
You hit the orc wizard.
The orc wizard is heavily wounded.
The orc wizard hits you but does no damage.
The orc wizard hits you with a dagger.
You die...

#.....).....#
#...........#
#.........$.#
#....#..[..# .
###....#.....# ...
..... .....#
#....####.#+##.....#
#..........{o@...).+
#...%.....#.##.....#
#..(.o###...#########
...... #.#..(.......
#.... #............
#.... ###.#..........
.o.. #..........###.
...# #..........#
#..........#


You could see an orc wizard.

Vanquished Creatures
  A leopard gecko (D:3)
  An orc (D:3)
  2 bats (D:1)
  2 goblins (D:1)
6 creatures vanquished.

Notes
Turn   | Place    | Note
-------+----------+-------------------------------------------
     0 | D:1      | jacquesderrida the Vine Stalker Skald began the quest for the Orb.
     0 | D:1      | Reached XP level 1. HP: 11/11 MP: 4/4
   160 | D:3      | Noticed an orc wizard
   161 | D:3      | Noticed an orc wizard
   176 | D:3      | Reached XP level 2. HP: 11/15 MP: 6/6
   189 | D:3      | Slain by an orc wizard

Vault maps used:
D:1:      dpeg_arrival_tiny_k
D:2:      uniq_natasha

Skill      XL: |  1 |
---------------+----+-----
Long Blades    | 2 |  2.5
Fighting       | |  1.7
Armour         | |  0.7
Dodging        | |  0.7
Spellcasting   | |  2.1
Charms         | |  3.0

Action                   || total
-------------------------++-------
Melee: Falchion          ||    47
       Bite              ||     8
Armor: Ring mail         ||    16
       Leather armour    ||     2
Dodge: Dodged            ||    24
